Map: Abyssal Reef LE

Players

SortOf

  • Race: Zerg Zerg
  • League: Grandmaster
  • Spawn Location: 5:00

DeMusliM - Winner!

  • Race: Terran Terran
  • League: Grandmaster
  • Spawn Location: 11:00

VOD

https://youtu.be/kFjoy8pOuKc

Description

Time

  • Played on: Oct. 11, 2017, 5:22 a.m.
  • Length: 9:18
Show
View Real Time Build Order
Export as new Build Order

SortOf Zerg 

Build Orders: Hatch First 

Get SALT Encoding   

  12  0:01  Drone  
  13  0:12  Overlord  
  13  0:16  Drone  
  14  0:31  Drone  
  14  0:33  Drone  
  16  0:40  Drone  
  17  0:52  Hatchery  
  17  0:55  Drone  
  17  0:58  Drone  
  18  1:09  Extractor  
  17  1:13  Spawning Pool  
  17  1:16  Drone  
  17  1:21  Drone  
  18  1:28  Drone  
  19  1:42  Drone  
  20  1:49  Overlord  
  20  2:03  Spine Crawler  
  20  2:04  Spine Crawler  
  20  2:06  Spine Crawler  
  19  2:11  Queen  
  19  2:14  Queen  
  21  2:19  Zergling x2  
  22  2:23  Zergling x2  
  22  2:27  Zergling x2  
  24  2:30  Zergling x2  
  24  2:34  Zergling x2  
  26  2:37  Zergling x2  
  26  2:41  Zergling x2  
  28  2:47  Zergling x4  
  26  2:58  Zergling x2  
  26  2:59  Zergling x2  
  26  3:00  Zergling x2  
  26  3:05  Zergling x2  
  28  3:10  Zergling x2  
  26  3:15  Metabolic Boost  
  26  3:21  Drone x2  
  26  3:27  Drone  
  29  3:32  Queen  
  31  3:36  Drone  
  31  3:38  Drone  
  33  3:44  Overlord  
  33  3:47  Drone  
  34  3:54  Drone  
  35  4:02  Queen  
  37  4:04  Drone x2  
  39  4:10  Drone  
  39  4:14  Drone  
  41  4:18  Lair  
  41  4:20  Drone  
  42  4:26  Drone  
  42  4:27  Overlord  
  42  4:29  Overlord  
  43  4:45  Queen  
  43  4:47  Overlord, Drone  
  43  4:48  Drone x3  
  43  4:52  Drone x2  
  51  5:05  Hatchery  
  51  5:06  Drone  
  51  5:12  Drone x3  
  52  5:16  Spore Crawler, Drone  
  52  5:19  Overseer  
  52  5:20  Drone  
  53  5:24  Drone x2  
  53  5:27  Overseer  
  53  5:28  Drone x2  
  57  5:32  Queen  
  59  5:38  Drone  
  59  5:39  Extractor  
  59  5:41  Baneling Nest, Drone x2  
  60  5:49  Overlord  
  60  5:55  Spore Crawler  
  59  5:59  Drone  
  59  6:01  Evolution Chamber, Overlord  
  59  6:05  Evolution Chamber  
  59  6:06  Overlord, Drone  
  59  6:08  Drone  
  60  6:17  Overlord  
  60  6:18  Drone x4  
  64  6:23  Drone x2  
  64  6:24  Overlord  
  66  6:26  Overlord  
  66  6:29  Centrifical Hooks  
  66  6:32  Drone x3  
  69  6:34  Extractor  
  66  6:40  Drone x4  
  68  6:49  Zergling x6  
  68  6:50  Overseer  
  68  6:54  Extractor, Zerg Melee Weapons Level 1  
  71  6:55  Drone  
  71  6:57  Drone  
  71  6:58  Drone x3  
  75  7:02  Baneling x2  
  75  7:03  Baneling x2  
  75  7:06  Zergling x8  
  79  7:12  Zergling x8  
  79  7:14  Extractor  
  79  7:15  Extractor  
  81  7:21  Overlord, Zerg Ground Armor Level 1  
  81  7:23  Drone x3  
  81  7:26  Zergling x6  
  87  7:30  Baneling  
  87  7:31  Baneling x3  
  87  7:33  Zergling x4  
  87  7:34  Zergling x2  
  78  7:45  Zergling x12  
  79  7:55  Zergling x4  
  79  7:56  Queen x2  
  73  8:07  Zergling x14  
  74  8:13  Zergling x2  
  74  8:15  Zergling x2  
  71  8:22  Zergling x4  
  59  8:30  Drone x6  
  59  8:34  Hydralisk Den, Baneling x5  
  63  8:37  Drone  
  63  8:40  Drone x2  
  66  8:46  Drone x3  
  69  8:49  Overseer  
  69  8:52  Baneling  
  69  8:53  Baneling x3  
  69  8:55  Drone x3  
Show
View Real Time Build Order
Export as new Build Order

DeMusliM Terran - Winner!

Build Orders: MMM Bio 

Get SALT Encoding   

  12  0:00  SCV  
  13  0:13  SCV  
  14  0:18  Supply Depot  
  14  0:25  SCV  
  15  0:40  SCV  
  15  0:42  Barracks  
  16  0:56  Barracks  
  16  1:00  SCV  
  17  1:06  Refinery  
  17  1:13  SCV  
  18  1:28  Orbital Command, Marine  
  19  1:42  Bunker  
  19  1:44  Marine  
  20  1:47  Marine  
  20  1:48  Supply Depot  
  21  1:57  Bunker  
  21  2:02  Marine  
  21  2:03  SCV  
  23  2:10  Marine  
  23  2:14  Bunker  
  24  2:17  SCV  
  24  2:20  Marine  
  26  2:29  Factory  
  26  2:33  SCV  
  26  2:35  Marine  
  28  2:45  SCV  
  28  2:49  Marine, Supply Depot  
  30  2:57  SCV  
  31  3:10  SCV  
  31  3:19  Factory Tech Lab, Starport  
  31  3:22  SCV  
  31  3:34  SCV  
  32  3:38  Command Center  
  32  3:46  SCV, Refinery  
  33  4:01  Cloaking Field  
  33  4:06  SCV  
  34  4:10  Viking  
  36  4:17  Engineering Bay  
  36  4:18  SCV  
  36  4:21  Barracks  
  37  4:27  Supply Depot  
  37  4:28  Factory Reactor  
  37  4:31  SCV  
  38  4:43  SCV  
  39  4:48  Banshee  
  39  4:50  Barracks Tech Lab  
  39  4:51  Barracks Tech Lab  
  42  4:52  Orbital Command  
  42  4:55  SCV  
  43  5:15  SCV  
  43  5:18  Stimpack  
  43  5:19  Marine x2  
  47  5:21  SCV  
  47  5:23  Marine x2  
  47  5:26  Terran Infantry Weapons Level 1  
  47  5:27  SCV  
  50  5:33  SCV, Supply Depot  
  51  5:37  Marine x2  
  51  5:39  SCV  
  51  5:41  Marine  
  55  5:43  Medivac  
  55  5:46  Marine  
  55  5:47  SCV, Hellion  
  61  5:50  Supply Depot  
  61  5:51  SCV  
  61  5:55  Supply Depot  
  62  5:59  SCV, Marine x3  
  62  6:03  SCV  
  62  6:04  Marine  
  68  6:12  SCV  
  68  6:13  Supply Depot  
  68  6:15  SCV  
  68  6:16  Marine  
  68  6:17  Medivac, Hellion, Marine x2  
  77  6:21  Combat Shields, Marine  
  78  6:29  SCV x2  
  80  6:34  Marine x2  
  80  6:35  Marine  
  80  6:39  Marine  
  81  6:47  Medivac  
  81  6:52  Marine x2  
  85  6:54  Marine  
  85  6:59  SCV x2, Factory Reactor  
  85  7:00  Marine  
  89  7:01  Command Center  
  89  7:06  Refinery  
  89  7:07  Refinery, Supply Depot  
  89  7:10  Marine x2  
  89  7:12  Marine  
  89  7:14  SCV x2, Supply Depot  
  94  7:20  Terran Infantry Armor Level 1  
  94  7:28  Marine x3  
  97  7:30  Medivac  
  97  7:31  Marine  
  96  7:46  Marine  
  96  7:47  Marine x2  
  96  7:49  Marine  
  83  8:02  Medivac  
  83  8:04  Marine  
  83  8:05  Marine x2  
  88  8:07  Marine  
  88  8:08  Supply Depot  
  88  8:21  Marine  
  88  8:22  Marine  
  88  8:23  Marine  
  88  8:25  Marine  
  90  8:34  Orbital Command  
  90  8:35  Supply Depot  
  90  8:39  Marine  
  90  8:40  Armory, Barracks, Marine  
  90  8:41  Engineering Bay  
  90  8:43  SCV  
  90  8:44  SCV, Barracks  
  92  8:50  Supply Depot  
  96  8:55  SCV  
  96  8:56  SCV, Marauder, Marine  
  96  8:57  Marine  
  96  8:58  Marine  
Tags
 
Add a new tag
Caveats
  • Supply blocks, unpowered buildings, or Contaminate may cause inaccurate times.
  • Supply counts are checked every 10 seconds.